 Dungeon Crawl Stone Soup version 0.31-a0-236-g9a0961fb85 (webtiles) character file.

Game seed: 8236077823025391889

133 Shard1697 the Chopper (level 5, -7/45 HPs)
             Began as a Meteoran Fighter on July 10, 2023.
             Was a Believer of Lugonu.
             Mangled by Pikel
             ... wielding a +0 whip of electrocution
              (14 damage)
             ... on level 3 of the Dungeon.
             The game lasted 00:05:05 (1410 turns).

Shard1697 the Chopper (Meteoran Fighter)            Turns: 1410, Time: 00:05:05

Health: -7/45      AC: 13    Str: 20    XL:     5   Next: 67%
Magic:  8/8        EV:  7    Int:  9    God:    Lugonu [**....]
Gold:   93         SH:  5    Dex: 13    Spells: 4/4 levels left

rFire   . . .        a - +0 war axe
rCold   . . .        c - +0 buckler
rNeg    . . .        p - +0 chain mail
rPois   .            (no helmet)
rElec   .            (no cloak)
rCorr   .            (no gloves)
SInv    +            (no boots)
Will    .....        (no amulet) Stlth
                     f - +4 ring of protection
HPRegen 0.27/turn    b - ring of see invisible
MPRegen 0.11/turn

%: no passive effects
@: mighty, glowing
A: sense surroundings 1, otherworldly, glowing, explore regen
a: Renounce Religion, Depart the Abyss, Banish


You were on level 3 of the Dungeon.
You worshipped Lugonu.
Lugonu was pleased with you.
You visited 1 branch of the dungeon, and saw 4 of its levels.

You collected 183 gold pieces.
You spent 90 gold pieces at shops.

Inventory:

Hand Weapons
 a - a +0 war axe (weapon)
Missiles
 o - 2 throwing nets
Armour
 c - a +0 buckler (worn)
 p - a +0 chain mail (worn)
Jewellery
 b - a ring of see invisible (right hand)
 f - a +4 ring of protection (left hand)
 k - a ring of poison resistance
 t - a ring of protection from fire
Scrolls
 e - a scroll of fog {unknown}
 g - 2 scrolls of teleportation {unknown}
 i - 2 scrolls of noise {unknown}
 j - 2 scrolls of enchant weapon
 l - a scroll of revelation {unknown}
 m - a scroll of amnesia {unknown}
 n - a scroll of immolation {unknown}
 q - a scroll of identify {unknown}
 s - a scroll of poison {unknown}
Potions
 r - a potion of curing {unknown}
 u - a potion of resistance {unknown}


   Skills:
 - Level 3.2 Fighting
 * Level 5.3 Axes
 - Level 3.6 Armour
 - Level 3.6 Shields
 + Level 3.2 Invocations


You had 4 spell levels left.
You didn't know any spells.
Your spell library contained the following spells:

 Spells                   Type           Power      Damage    Failure   Level
 Blink                    Tloc           0%         N/A       99%         2
 Ozocubu's Armour         Ice            0%         N/A       100%        3
 Portal Projectile        Hex/Tloc       0%         N/A       100%        3
 Tukima's Dance           Hex            0%         N/A       100%        3
 Manifold Assault         Tloc           0%         N/A       100%        4
 Blade Hands              Tmut           0%         N/A       100%        5
 Metabolic Englaciation   Hex/Ice        0%         N/A       100%        5
 Dispersal                Tloc           0%         N/A       100%        6
 Simulacrum               Ice/Necr       0%         N/A       100%        6
 Storm Form               Tmut/Air       0%         N/A       100%        7
 Disjunction              Tloc           0%         N/A       100%        8


Dungeon Overview and Level Annotations

Branches:
Dungeon (4/15) Zot: 929
 Temple: D:4-7

Altars:
Lugonu

Shops:
D:2 *

Annotations:
D:3 Pikel


Innate Abilities, Weirdness & Mutations

You passively map a small area around you.
You are easily found by Zot.
You glow in the dark.
You regain HP and MP as you explore.


Message History

It was a potion of heal wounds.
You feel much better.
The lemure hits you but does no damage. x2; Pikel barely misses you.
You barely miss Pikel.
Pikel is moderately wounded.
You miss the lemure. You hit the lemure. The lemure hits you.
The lemure closely misses you. Pikel hits you but does no damage.
You closely miss Pikel.
Pikel is moderately wounded.
You barely miss the lemure. You closely miss the lemure.
The lemure hits you but does no damage. Pikel waves his whip at you.
Pikel hits you with a +0 whip of electrocution.
The lemure hits you but does no damage. x3
Pikel hits you with a +0 whip of electrocution!
* * * LOW HITPOINT WARNING * * *
You feel much better. The lemure barely misses you. The lemure hits you.
Pikel hits you with a +0 whip of electrocution!
You are electrocuted!
You miss Pikel.
Pikel is moderately wounded.
You barely miss the lemure. You slash the lemure! The lemure hits you.
The lemure hits you but does no damage. Pikel closely misses you.
You feel much better. The lemure barely misses you.
Pikel says, "I'm sure the Orcish Mines are around here somewhere..."
Pikel hits you with a +0 whip of electrocution!
The lemure hits you but does no damage.
You closely miss Pikel.
Pikel is moderately wounded.
You slash the lemure! You miss the lemure.
The lemure hits you but does no damage. You block the lemure's attack.
Pikel hits you with a +0 whip of electrocution!
* * * LOW HITPOINT WARNING * * *
You barely miss Pikel.
Pikel is moderately wounded.
You slash the lemure!
You kill the lemure!
That felt strangely unrewarding.
You hit the lemure. The lemure hits you but does no damage.
Pikel hits you with a +0 whip of electrocution!
You die...

.....########.#####.#...###
(.......................#
.....#.######.##....#####
** #.####.# #.##.##........
, * .... #.#
#..#.########## ######.#
##...# * #.# ##..# #.#
#K5####### #.# ##@......#
#######.# * ,* , * , ,, , *


You could see Pikel (strong) and a lemure.

Vanquished Creatures
  A lemure (D:3)
  4 gnolls (D:2)
  3 adders
  2 worms (D:2)
  A dart slug (D:2)
  3 orcs (D:3)
  5 endoplasms
  2 giant cockroaches (D:1)
  4 goblins
  4 hobgoblins
  7 jackals
  3 kobolds
  3 quokkas
  2 ball pythons (D:1)
  7 bats
  4 rats
55 creatures vanquished.

Notes
Turn   | Place    | Note
-------+----------+-------------------------------------------
     0 | D:1      | Shard1697 the Meteoran Fighter began the quest for the Orb.
     0 | D:1      | Reached XP level 1. HP: 19/19 MP: 2/2
    46 | D:1      | Found a faded altar of an unknown god.
    71 | D:1      | Prayed at the altar of an unknown god.
    71 | D:1      | Became a worshipper of Lugonu the Unformed
    71 | D:1      | Reached * piety under Lugonu
   154 | D:1      | Reached XP level 2. HP: 26/26 MP: 3/3
   169 | D:1      | Reached skill level 3 in Axes
   268 | D:1      | Reached skill level 1 in Invocations
   342 | D:1      | Reached XP level 3. HP: 31/31 MP: 4/4
   464 | D:2      | Reached ** piety under Lugonu
   465 | D:2      | Reached skill level 4 in Axes
   545 | D:2      | Reached XP level 4. HP: 38/38 MP: 6/6
   584 | D:2      | Reached XP level 5. HP: 25/45 MP: 6/8
   768 | D:2      | Found Wuwuma's General Store.
   800 | D:2      | Reached skill level 5 in Axes
   948 | D:2      | Bought a scroll of enchant weapon for 90 gold pieces
  1366 | D:4      | Noticed Pikel
  1366 | D:4      | Noticed a lemure
  1366 | D:4      | Noticed a lemure
  1366 | D:4      | Noticed a lemure
  1366 | D:4      | Noticed a lemure
  1410 | D:3      | Killed a lemure
  1410 | D:3      | Mangled by Pikel

Illustrated notes

Levels and vault maps discovered:
D:1:      psy_arrival_radial01, layout_loops_corners,
          hellmonk_ecumenical_altar_pennies_from_heaven, minmay_small_reverse_x
D:2:      layout_loops_ring, serial_shops, nicolae_square_shop
D:3:      layout_basic, chequers_serial_rivers_large_a
D:4:      layout_gridville, minmay_vboxes, uniq_blork_the_orc, uniq_pikel

Skill      XL: |  1  2  3  4  5 |
---------------+----------------+-----
Axes           | 3 4 5 |  5.3
Invocations    | 1 2 3 |  3.2
Fighting       | |  3.2
Armour         | |  3.6
Shields        | |  3.6

Action                     |  1- 3 |  4- 6 || total
---------------------------+-------+-------++-------
  Melee: War axe           |    93 |    96 ||   189
    Use: Potion            |       |     4 ||     4
 Armour: Scale mail        |    67 |    12 ||    79
         Chain mail        |       |    51 ||    51
  Dodge: Dodged            |    55 |    32 ||    87
  Block: Buckler           |    28 |    24 ||    52

Table legend: (Time is in decaauts)
 A = Elapsed time spent in this place.
 B = Non-inter-level travel time spent in this place.
 C = Inter-level travel time spent in this place.
 D = Time resting spent in this place.
 E = Time spent auto-exploring this place.
 F = Levels seen in this place.
 G = Mean time per level.
                   A        B        C        D        E       F      G
               +--------+--------+--------+--------+--------+-----+--------+
         Total |   1468 |   1329 |    139 |      0 |     25 |   4 |  367.0 |
       Dungeon |   1468 |   1329 |    139 |      0 |     25 |   4 |  367.0 |
               +--------+--------+--------+--------+--------+-----+--------+

Top non-repeatable levels by time:
     D:2: 504 daAuts
     D:1: 467 daAuts
     D:3: 436 daAuts
     D:4: 61 daAuts
